 Dungeon Crawl Stone Soup version 0.30.1-3-gfc49f6343a (webtiles) character file.

Game seed: 6590276600957403981

54 Dordric the Trooper (level 4, 0/36 HPs)
             Began as a Djinni Cinder Acolyte on July 21, 2023.
             Was a High Priest of Ignis.
             Killed from afar by a dart slug (2 damage)
             ... with a slug dart
             ... on level 2 of the Dungeon.
             The game lasted 00:01:59 (1022 turns).

Dordric the Trooper (Djinni Cinder Acolyte)         Turns: 1022, Time: 00:01:59

Health: 0/36       AC:  2    Str: 13    XL:     4   Next: 12%
Gold:   122        EV: 11    Int: 15    God:    Ignis [*****.] SH:  0 Dex: 11

rFire   + + +        k - +0 long sword
rCold   x . .        (no shield)
rNeg    . . .        b - +0 robe
rPois   ∞            (no helmet)
rElec   .            (no cloak)
rCorr   .            (no gloves)
SInv    .            (boots unavailable)
Will    .....        (no amulet)
Stlth   +            (no ring)
HPRegen 0.26/turn    (no ring)
MPRegen 0.00/turn

%: infuse magic (-1 HP)
@: flying, very slightly contaminated
A: sickness immunity, fire resistance 2, cold vulnerability 1, float, innate
caster, HP casting, extra vitality 1
a: Renounce Religion, Fiery Armour, Foxfire Swarm, Rising Flame


You were on level 2 of the Dungeon.
You worshipped Ignis.
Ignis was extremely pleased with you.
You visited 1 branch of the dungeon, and saw 2 of its levels.

You collected 122 gold pieces.

Inventory:

Hand Weapons
 a - a -1 falchion of flaming
 k - a +0 long sword (weapon)
Armour
 b - a +0 robe (worn)
 m - a +0 cloak
Scrolls
 e - a scroll of fog {unknown}
 g - a scroll of identify {unknown}
 i - a scroll of enchant weapon {unknown}
Potions
 c - 7 potions of curing {unknown}
 d - a potion of lignification {unknown}
 f - a potion of mutation {unknown}
 h - a potion of brilliance {unknown}
 j - a potion of flight {unknown}
 l - a potion of attraction {unknown}


   Skills:
 + Level 3.6 Fighting
 + Level 3.3 Long Blades
 + Level 2.9 Spellcasting


You knew the following spells:

 Your Spells              Type           Power      Damage    Failure   Level
a - Scorch                Fire           20%        2d6       10%         2
b - Foxfire               Conj/Fire      40%        2x1d6     6%          1
Your spell library was empty.

Dungeon Overview and Level Annotations

Branches:
Dungeon (2/15)

Altars:


Innate Abilities, Weirdness & Mutations

You are immune to sickness and miasma.
You are immune to poison.
Your flesh is very heat resistant. (rF++)
You are vulnerable to cold. (rC-)
You float through the air rather than walking.
You learn spells naturally, not from books.
Your magical power is your life essence.
You have superior vitality. (+4 MHP)


Message History

The worm is lightly wounded.
The worm's fire resistance burns away.
Flames lash the kobold.
You kill the kobold!
A dart slug comes into view.
Flames lash the worm.
The worm is burned terribly!
The worm is severely wounded.
The worm bites you.
You miscast Scorch.
You are very lightly contaminated with residual magic.
Nothing appears to happen.
You miscast Scorch.
Nothing appears to happen.
The worm bites you!
* * * LOW HITPOINT WARNING * * *
You are too injured to fight recklessly!
You are too injured to fight recklessly!
Casting: Scorch (safe; 10% risk of failure)
Confirm with . or Enter, or press ? or * to list all spells.
Flames lash the worm.
The worm is burned terribly!
The worm is almost dead.
* * * LOW HITPOINT WARNING * * *
The dart slug launches a dart at you. The slug dart hits you.
* * * LOW HITPOINT WARNING * * *
Casting: Scorch (safe; 10% risk of failure)
Confirm with . or Enter, or press ? or * to list all spells.
Flames lash the worm.
The worm is burned terribly!
You kill the worm!
* * * LOW HITPOINT WARNING * * *
Casting: Scorch (safe; 10% risk of failure)
Confirm with . or Enter, or press ? or * to list all spells.
Flames lash the dart slug.
The dart slug is heavily wounded.
The dart slug's fire resistance burns away.
* * * LOW HITPOINT WARNING * * *
Casting: Scorch (safe; 10% risk of failure)
Confirm with . or Enter, or press ? or * to list all spells.
You don't have enough health to cast this spell.
The dart slug launches a dart at you. The slug dart hits you.
You die...

.### #. <.# .# ## ### ##
## #..##.###.###.# $ .
####.##.##†##.###.##.#
.†)#.#.#.#.#.#.#†#.#.# #.
#.#...#..#..#..#..#..#..#
#.##...#...#...#...#)..#
#.#..#....#....#..w.#
#.....#.....#...@.#.....#
#.......#......#......#..
#.##.......#.......#....
#................$.....!.
#.........................
#########################


You could see a dart slug (combustible).

Vanquished Creatures
  An adder (D:2)
  2 worms (D:2)
  6 bats
  6 endoplasms
  4 goblins
  2 hobgoblins (D:1)
  A quokka (D:2)
  7 ball pythons (D:2)
  3 frilled lizards
  3 kobolds
  4 rats
39 creatures vanquished.

Notes
Turn   | Place    | Note
-------+----------+-------------------------------------------
     0 | D:1      | Dordric the Djinni Cinder Acolyte began the quest for the
                  | Orb.
     0 | D:1      | Dordric set off with the following spells memorised:
                  | Scorch.
     0 | D:1      | Reached XP level 1. HP: 20/20 MP: 0/0
   189 | D:1      | Reached XP level 2. HP: 25/25 MP: 0/0
   541 | D:2      | Reached XP level 3. HP: 18/30 MP: 0/0
   541 | D:2      | Learned a level 1 spell: Foxfire
  1012 | D:2      | Reached XP level 4. HP: 27/35 MP: 0/0
  1022 | D:2      | Killed from afar by a dart slug

Illustrated notes

Levels and vault maps discovered:
D:1:      wander_arrival_estate, layout_rooms
D:2:      layout_rooms, minmay_increasing_density

Skill      XL: |  1  2 |
---------------+-------+-----
Long Blades    | 3 |  3.3
Fighting       | |  3.6
Spellcasting   | |  2.9

Action                     |  1- 3 |  4- 6 || total
---------------------------+-------+-------++-------
  Melee: Falchion          |    31 |       ||    31
         Long sword        |     7 |       ||     7
   Cast: Scorch            |    37 |     6 ||    43
 Armour: Robe              |    25 |       ||    25
  Dodge: Dodged            |    48 |       ||    48
